 Dungeon Crawl Stone Soup version 0.31-a0-7-g51783674b7 (webtiles) character file.

Game seed: 5770146980709502043

5926 avis the Party-goer (level 10, -5/122 HPs)
             Began as an Ogre Transmuter on May 3, 2023.
             Was a Follower of Uskayaw.
             Slain by a vampire
             ... wielding a +0 vampiric bardiche
              (23 damage)
             ... in a bailey on May 5, 2023.
             The game lasted 01:20:05 (9841 turns).

avis the Party-goer (Ogre Transmuter)               Turns: 9841, Time: 01:20:06

Health: -5/122     AC:  6    Str: 16    XL:     10   Next: 83%
Magic:  17/17      EV: 13    Int: 14    God:    Uskayaw [*.....]
Gold:   102        SH:  0    Dex: 19    Spells: 7/17 levels left

rFire   x .          .
                       - Unarmed
rCold   + + +        (shield currently unavailable)
rNeg    . . .        a - melded +0 robe
rPois   +            (helmet currently unavailable)
rElec   .            q - melded +1 cloak
rCorr   .            (gloves unavailable)
SInv    .            (boots unavailable)
Will    +....        O - amulet of regeneration
Stlth   ++           p - ring of wizardry
HPRegen 1.20/turn    d - +6 ring of dexterity
MPRegen 0.15/turn

%: wizardry (x1)
@: ice-form (expiring), hasted, very quick
A: freezing attack, amphibious, boosted hp, large, unfitting armour, (tough skin
1)
a: End Transformation, Renounce Religion, Stomp


You were in a bailey.
You worshipped Uskayaw.
Uskayaw was aware of your devotion.
You were a creature of crystalline ice.
You visited 2 branches of the dungeon, and saw 9 of its levels.
You also visited: Ossuary and Bailey.

You collected 562 gold pieces.
You spent 460 gold pieces at shops.

Inventory:

Hand Weapons
 g - a +2 trident of protection
 r - a +2 dagger of venom
 H - a +0 giant club
 I - a +2 whip of electrocution
 J - a +1 flail of protection
 K - a +0 sling
 P - a +1 short sword of venom
 R - a +0 dagger of venom
 S - a +0 heavy hand axe
Missiles
 j - 11 boomerangs (quivered)
 G - a throwing net
 L - 10 poisoned darts
 M - 4 large rocks
Armour
 a - a +0 robe (melded)
 q - a +1 cloak (melded)
 T - the +18 shield of the Gong {Loud rN+ Will+ rCorr EV-5}
   (You found it in a bailey)

   Loud:      It is deafeningly noisy when blocking attacks.
   EV:        It affects your evasion (-5).
   rN:        It protects you from negative energy.
   rCorr:     It protects you from acid and corrosion.
   Will:      It increases your willpower.
Jewellery
 d - a +6 ring of dexterity (right front paw)
 p - a ring of wizardry (left front paw)
 O - an amulet of regeneration (around neck)
Wands
 Q - a wand of iceblast (11)
Scrolls
 f - 2 scrolls of torment
 i - a scroll of brand weapon {unknown}
 k - a scroll of enchant armour
 l - 9 scrolls of teleportation
 m - 2 scrolls of butterflies {unknown}
 n - 5 scrolls of fog
 t - a scroll of fear {unknown}
 u - a scroll of enchant weapon {unknown}
 y - a scroll of amnesia {unknown}
 z - 2 scrolls of blinking
 C - 2 scrolls of immolation
 D - 2 scrolls of vulnerability
 E - 2 scrolls of poison
Potions
 b - 5 potions of lignification
 c - a potion of heal wounds
 e - 2 potions of haste
 h - 10 potions of curing
 o - a potion of magic
 s - 3 potions of resistance
 v - 2 potions of brilliance
 w - 3 potions of attraction {unknown}
 x - 2 potions of degeneration
 A - a potion of mutation {unknown}
 B - 3 potions of might {unknown}
 F - a potion of flight
 N - a potion of cancellation {unknown}


   Skills:
 - Level 7.0 Fighting
 * Level 6.7 Dodging
 * Level 6.7 Unarmed Combat
 - Level 4.0 Spellcasting
 - Level 4.0 Transmutations
 - Level 4.0 Ice Magic
 - Level 1.0 Poison Magic
 - Level 10.0 Invocations


You had 7 spell levels left.
You knew the following spells:

 Your Spells              Type           Power      Damage    Failure   Level
a - Beastly Appendage     Tmut           28%        N/A       1%          1
e - Wereblood             Tmut           14%        N/A       2%          2
p - Spider Form           Tmut/Pois      9%         N/A       9%          3
q - Ice Form              Ice/Tmut       14%        N/A       16%         4

Your spell library contained the following spells:

 Spells                   Type           Power      Damage    Failure   Level
 Freeze                   Ice            56%        1d7       1%          1
 Frozen Ramparts          Ice            28%        1d5       4%          3
 Magic Dart               Conj           8%         1d3       8%          1
 Hailstorm                Conj/Ice       8%         3d4       11%         3
 Call Imp                 Summ           4%         N/A       12%         2
 Mephitic Cloud           Conj/Pois/Air  3%         N/A       21%         3
 Inner Flame              Hex/Fire       2%         N/A       22%         3
 Anguish                  Hex/Necr       1%         N/A       56%         4
 Cause Fear               Hex            1%         N/A       56%         4
 Enfeeble                 Hex            1%         N/A       100%        7
 Lehudib's Crystal Spear  Conj/Erth      1%         10d2      100%        8
 Chain Lightning          Conj/Air       1%         3d1       100%        9


Dungeon Overview and Level Annotations

Branches:
Dungeon (8/15)             Temple (1/1) D:5         Ossuary (visited)
 Bailey (1/1)
   Lair: D:8-11

Altars:
Ashenzari
Cheibriados
Dithmenos
Fedhas
Gozag
Hepliaklqana
Kikubaaqudgha
Makhleb
Nemelex Xobeh
Okawaru
Qazlal
Ru
Sif Muna
Trog
Uskayaw
Vehumet
Wu Jian
Xom
Yredelemnul
Zin
The Shining One

Shops:
D:3 ?   D:4 *   D:5 (


Innate Abilities, Weirdness & Mutations

You are a creature of crystalline ice.
You have a powerful freezing melee attack.
You are amphibious.
Your maximum health is increased.
Your armour is entirely melded.
You are incapable of wielding weapons or throwing items.
You are too large for most types of armour.
((You have tough skin. (AC +1)))


Message History

The vampire casts a spell.
The vampire flickers and vanishes!
Deactivating autopickup; reactivate with Ctrl-A.
You closely miss something. Something hits you!
Something bites you but does no damage.
You hit something but do no damage. Something hits you! Something bites you!
Something draws strength from your injuries!
You barely miss something. Something hits you!
* * * LOW HITPOINT WARNING * * *
Something bites you.
* * * LOW HITPOINT WARNING * * *
Something draws strength from your injuries!
You feel much better. Something hits you!
* * * LOW HITPOINT WARNING * * *
Something bites you!
* * * LOW HITPOINT WARNING * * *
Something draws strength from your injuries!
You feel much better. Something barely misses you. Something bites you!
* * * LOW HITPOINT WARNING * * *
Something draws strength from your injuries!
You feel much better. Something hits you! Something bites you!
Something draws strength from your injuries!
You hit something but do no damage.
Your transformation is almost over.
You closely miss something. Something hits you!
* * * LOW HITPOINT WARNING * * *
Something bites you.
* * * LOW HITPOINT WARNING * * *
Something draws strength from your injuries!
You feel much better. Something hits you. Something barely misses you.
You completely miss something. Something hits you!!
* * * LOW HITPOINT WARNING * * *
Something bites you.
* * * LOW HITPOINT WARNING * * *
Something draws strength from your injuries!
You punch something! Something hits you!!
* * * LOW HITPOINT WARNING * * *
Something bites you but does no damage.
You feel yourself speed up. Something hits you!!
You die...

#8........)......#.
#.........#......#'
###''##..)##....8#)
##....##...#######)
##......##....)..8#.
#...##...#8.......#.
#..## #..###########
#..## ..# #8.Y# .8#
##![{.[!## ##8[!.##
######


There were no monsters in sight!

Vanquished Creatures
  3 two-headed ogres
  Joseph (D:6)
  A gargoyle (Bailey)
  An unseen horror (D:7)
  Menkaure (D:7)
  A water moccasin (D:8)
  A sky beast (D:6)
  An ice beast (D:7)
  An orc warrior (D:6)
  A black bear (D:6)
  3 ogres
  2 phantoms
  2 kobold brigands
  3 gnoll sergeants
  5 scorpions
  2 bullfrogs (D:8)
  A howler monkey (D:6)
  7 vampire bats (Bailey)
  4 wolf zombies (Bailey)
  5 orc priests
  2 gnoll boudas
  5 hounds
  3 sleepcaps
  7 orc wizards
  8 mummies (Ossuary)
  18 gnolls
  6 adders
  4 white imps
  2 worms
  6 dart slugs
  30 orcs
  8 ball pythons
  5 bats
  6 endoplasms
  2 giant cockroaches
  6 goblins
  5 hobgoblins
  4 jackals (D:5)
  20 kobolds
  10 quokkas
  8 frilled lizards
  3 hobgoblin zombies (Ossuary)
  4 kobold zombies (Ossuary)
  9 orc zombies
  3 rats
230 creatures vanquished.

Vanquished Creatures (others)
  22 plants (D:5)
22 creatures vanquished.

Grand Total: 252 creatures vanquished

Notes
Turn   | Place    | Note
-------+----------+-------------------------------------------
     0 | D:1      | avis the Ogre Transmuter began the quest for the Orb.
     0 | D:1      | Reached XP level 1. HP: 19/19 MP: 3/3
   153 | D:1      | Reached XP level 2. HP: 25/27 MP: 3/5
   180 | D:1      | Learned a level 2 spell: Wereblood
   580 | D:1      | Reached XP level 3. HP: 35/35 MP: 4/7
   584 | D:1      | Learned a level 3 spell: Spider Form
   891 | D:1      | Reached skill level 1 in Poison Magic
  1226 | D:2      | Found a faded altar of an unknown god.
  1427 | D:2      | Reached XP level 4. HP: 43/45 MP: 4/8
  2573 | D:3      | Found Xisuri's Magic Scroll Shop.
  2586 | D:3      | Reached XP level 5. HP: 50/53 MP: 5/9
  2606 | D:3      | Bought a scroll of noise for 10 gold pieces
  2606 | D:3      | Bought a scroll of teleportation for 30 gold pieces
  2606 | D:3      | Bought a scroll of identify for 20 gold pieces
  2606 | D:3      | Bought a scroll of identify for 20 gold pieces
  2606 | D:3      | Bought a scroll of identify for 20 gold pieces
  2685 | D:3      | Learned a level 4 spell: Ice Form
  2911 | D:3      | Found a faded altar of an unknown god.
  2916 | D:3      | Found a stormy altar of Qazlal.
  2992 | D:4      | Noticed a phantom
  3005 | D:3      | Killed a phantom
  3006 | D:3      | Reached XP level 6. HP: 55/61 MP: 4/10
  3149 | D:4      | Found an ancient bone altar of Kikubaaqudgha.
  3149 | D:4      | Found a hazy altar of Hepliaklqana.
  3152 | D:4      | Found a shimmering altar of Xom.
  3154 | D:4      | Found a sacrificial altar of Ru.
  3196 | D:4      | You fall into a shaft and drop 2 floors!
  3212 | D:5      | Entered Level 5 of the Dungeon
  3325 | D:5      | Found a sand-covered staircase.
  3334 | Ossuary  | Entered an ossuary
  3513 | Ossuary  | Reached skill level 1 in Ice Magic
  3801 | D:5      | Reached XP level 7. HP: 60/71 MP: 9/11
  3803 | D:5      | Reached skill level 5 in Fighting
  4099 | D:5      | Found a staircase to the Ecumenical Temple.
  4106 | Temple   | Entered the Ecumenical Temple
  4391 | Temple   | Became a worshipper of Uskayaw the Reveller
  4495 | D:5      | Reached * piety under Uskayaw
  4496 | D:5      | Reached skill level 1 in Invocations
  4500 | D:5      | Reached ** piety under Uskayaw
  4534 | D:5      | Reached skill level 2 in Invocations
  4730 | D:5      | Reached skill level 3 in Invocations
  4833 | D:5      | Reached *** piety under Uskayaw
  5407 | D:5      | Found Oratiagg's Antique Weapon Emporium.
  5447 | D:5      | Upgraded the game from 0.31-a0-1-g4198be8af4 to
                  | 0.31-a0-4-gefa6de2278
  5464 | D:5      | Reached skill level 4 in Invocations
  5464 | D:5      | Reached XP level 8. HP: 45/80 MP: 9/12
  5652 | D:3      | Bought a scroll of blinking for 75 gold pieces
  5652 | D:3      | Bought a scroll of fog for 40 gold pieces
  5652 | D:3      | Bought a scroll of poison for 40 gold pieces
  5652 | D:3      | Bought a scroll of immolation for 40 gold pieces
  5652 | D:3      | Bought a scroll of torment for 95 gold pieces
  5985 | D:4      | Found Xaven's General Store.
  6173 | D:4      | Found a burning altar of Makhleb.
  6173 | D:4      | Found a bloodstained altar of Trog.
  6393 | D:4      | Bought a potion of flight for 42 gold pieces
  6393 | D:4      | Bought a scroll of identify for 28 gold pieces
  6520 | D:5      | Reached skill level 5 in Invocations
  7361 | D:6      | Noticed a two-headed ogre
  7371 | D:6      | Reached skill level 6 in Invocations
  7377 | D:6      | Killed a two-headed ogre
  7378 | D:6      | Reached skill level 5 in Dodging
  7378 | D:6      | Reached skill level 5 in Unarmed Combat
  7378 | D:6      | Reached XP level 9. HP: 71/88 MP: 3/15
  7572 | D:6      | Reached skill level 7 in Invocations
  8195 | D:7      | Noticed Joseph
  8310 | D:6      | Killed Joseph
  8513 | D:7      | Noticed Menkaure
  8522 | D:7      | Reached **** piety under Uskayaw
  8525 | D:7      | Killed Menkaure
  8528 | D:7      | Reached XP level 10. HP: 91/98 MP: 6/16
  8620 | D:7      | Killed an unseen horror
  8621 | D:7      | Reached skill level 8 in Invocations
  9211 | D:7      | Upgraded the game from 0.31-a0-4-gefa6de2278 to
                  | 0.31-a0-7-g51783674b7
  9315 | D:8      | Noticed a two-headed ogre
  9328 | D:8      | Killed a two-headed ogre
  9329 | D:8      | Reached skill level 9 in Invocations
  9332 | D:8      | Noticed a two-headed ogre
  9365 | D:8      | Killed a two-headed ogre
  9366 | D:8      | Reached skill level 10 in Invocations
  9602 | D:8      | Found a flagged portal.
  9685 | Bailey   | Entered a bailey
  9751 | Bailey   | Found the +18 shield of the Gong {Loud rN+ Will+ rCorr
                  | EV-5}
  9761 | Bailey   | Got Sif Muna's Reference Book on Prime Wildfire
  9799 | Bailey   | Noticed a gargoyle
  9804 | Bailey   | Killed a gargoyle
  9841 | Bailey   | Slain by a vampire

Illustrated notes

Levels and vault maps discovered:
D:1:      dpeg_arrival_tiny_k, layout_basic
D:2:      layout_basic, nicolae_ecumenical_oubliette
D:3:      layout_basic, nicolae_overflow_ecumenical_swirl, serial_shops, shop
D:4:      layout_loops_corners, minitemple, jmf_multi_god_temple, serial_shops,
          shop
D:5:      layout_basic, minmay_temple_entry_statues_pillars, serial_shops, shop,
          chequers_ossuary_entry_cave, nicolae_grassy_gnolls
D:6:      layout_basic
D:7:      layout_loops_ring, uniq_joseph, uniq_menkaure
D:8:      layout_layer_cave, enter_bailey_8, minivault_5,
          minmay_tree_intersection
Temple:   dpeg_chambers_temple
Bailey:   bailey_polearm_vampire_castle_hellmonk, bailey

Skill      XL: |  1  2  3  4  5  6  7  8  9 10 |
---------------+-------------------------------+-----
Fighting       | 2 3 4 5 6 7 |  7.0
Unarmed Combat | 3 5 6 |  6.7
Dodging        | 2 3 5 6 |  6.7
Spellcasting   | 3 4 |  4.0
Transmutations | 2 3 4 |  4.0
Poison Magic   | 1 |  1.0
Ice Magic      | 2 3 4 |  4.0
Invocations    | 4 6 7 10 | 10.0

Action                     |  1- 3 |  4- 6 |  7- 9 | 10-12 || total
---------------------------+-------+-------+-------+-------++-------
  Melee: Unarmed           |    86 |   174 |   274 |   155 ||   689
         Headbutt          |     9 |     3 |     1 |       ||    13
         Kick              |     9 |     7 |     3 |       ||    19
         Punch             |       |       |     1 |       ||     1
  Throw: Boomerang         |       |    10 |       |       ||    10
   Cast: Beastly Appendage |    18 |     8 |     2 |       ||    28
         Spider Form       |     6 |    22 |    38 |    13 ||    79
         Ice Form          |       |     6 |     4 |     4 ||    14
         Wereblood         |       |       |     1 |       ||     1
 Invoke: Line Pass         |       |       |    10 |     3 ||    13
         Stomp             |       |       |     2 |       ||     2
Ability: End Transformatio |       |     1 |     3 |     1 ||     5
    Use: Scroll            |       |     5 |     2 |     2 ||     9
         Potion            |       |       |     1 |     6 ||     7
   Stab: Sleeping          |     1 |     1 |       |       ||     2
         Confused          |       |       |     4 |     1 ||     5
         Paralysed         |       |       |     6 |     3 ||     9
 Armour: Robe              |    14 |     5 |     4 |     1 ||    24
         Skin              |     1 |    14 |    12 |    30 ||    57
  Dodge: Dodged            |    33 |   101 |   254 |   167 ||   555

Table legend: (Time is in decaauts)
 A = Elapsed time spent in this place.
 B = Non-inter-level travel time spent in this place.
 C = Inter-level travel time spent in this place.
 D = Time resting spent in this place.
 E = Time spent auto-exploring this place.
 F = Levels seen in this place.
 G = Mean time per level.
                   A        B        C        D        E       F      G
               +--------+--------+--------+--------+--------+-----+--------+
         Total |   9802 |   9084 |    718 |   1580 |   4572 |  11 |  891.1 |
       Dungeon |   8871 |   8206 |    665 |   1331 |   4341 |   8 | 1108.9 |
        Temple |    413 |    360 |     53 |    106 |    231 |   1 |  413.0 |
       Ossuary |    370 |    370 |      0 |    143 |      0 |   1 |  370.0 |
        Bailey |    148 |    148 |      0 |      0 |      0 |   1 |  148.0 |
               +--------+--------+--------+--------+--------+-----+--------+

Top non-repeatable levels by time:
     D:5: 1860 daAuts
     D:6: 1802 daAuts
     D:1: 1246 daAuts
     D:4: 955 daAuts
     D:3: 894 daAuts
     D:2: 880 daAuts
     D:7: 843 daAuts
  Temple: 413 daAuts
     D:8: 388 daAuts
 Ossuary: 370 daAuts
  Bailey: 148 daAuts
